[ AOE2 MATCH · #493051689 ]
UnrankedBritons vs Cumans
Player's team · LOSS
Rival team · WIN
[ REPLAY ANALYSIS · EXTRACTED FROM THE RECORDED GAME ]
Feudal
—
Castle
—
Imperial
—
| APM avg | 42.5 |
| APM peak | 68 |
| eAPM avg | 15.7 |
| Villagers / military | 12 / 0 |
Focus
⚔️ 29.6% · 🌾 70.4%
Feudal
—
Castle
—
Imperial
—
| APM avg | 50.8 |
| APM peak | 77 |
| eAPM avg | 16.3 |
| Villagers / military | 15 / 0 |
Focus
⚔️ 26.7% · 🌾 73.3%
Match map
Initial resources + every placement click. Lines = walls · curves = elevation contours. ◆ gold · ⬟ stone · ● berries · ✦ relic · ◌ wall gap
Your base
GAX | Mr.P's base
Smoothed initial terrain · ◌ = detected wall gap · hover for details
Inputs per minute
— Fabrizio 094455 - - GAX | Mr.P
Build order — Fabrizio 094455
23 actions detected in the replay
| 0:19 | Build | Town Center |
| 2:16 | Create | Villager (Male) |
| 2:16 | Create | Villager (Male) |
| 2:17 | Create | Villager (Male) |
| 2:21 | Create | Villager (Male) |
| 2:49 | Build | House |
| 3:29 | Create | Villager (Male) |
| 3:45 | Build | Lumber Camp |
| 3:55 | Create | Villager (Male) |
| 4:05 | Build | House |
| 4:16 | Build | Palisade Gate |
| 4:21 | Build | Palisade Wall |
| 4:22 | Build | Palisade Wall |
| 4:33 | Create | Villager (Male) |
| 4:42 | Create | Villager (Male) |
| 4:42 | Create | Villager (Male) |
| 5:28 | Create | Villager (Male) |
| 5:29 | Create | Villager (Male) |
| 5:41 | Build | Outpost |
| 5:47 | Create | Villager (Male) |
| 6:10 | Build | House |
| 6:38 | Research | Loom |
| 8:15 | Build | Town Center |
Build order — GAX | Mr.P
23 actions detected in the replay
| 0:18 | Build | Town Center |
| 1:17 | Build | House |
| 2:11 | Build | House |
| 2:22 | Build | House |
| 2:33 | Create | Villager (Male) |
| 2:40 | Create | Villager (Male) |
| 2:46 | Create | Villager (Male) |
| 3:15 | Create | Villager (Male) |
| 4:02 | Create | Villager (Male) |
| 4:16 | Create | Villager (Male) |
| 4:25 | Build | House |
| 4:35 | Create | Villager (Male) |
| 5:12 | Build | House |
| 5:17 | Create | Villager (Male) |
| 5:24 | Create | Villager (Male) |
| 5:38 | Create | Villager (Male) |
| 6:30 | Build | House |
| 6:32 | Create | Villager (Male) |
| 7:07 | Build | Lumber Camp |
| 7:08 | Create | Villager (Male) |
| 7:29 | Create | Villager (Male) |
| 7:48 | Create | Villager (Male) |
| 8:09 | Create | Villager (Male) |
Match timeline
| 4:21 | Fabrizio 094455 · wall_segment Palisade Wall x1 |
| 4:22 | Fabrizio 094455 · wall_segment Palisade Wall x1 |
| 8:26 | Fabrizio 094455 · resign |
[ AI ANALYSIS · 1 CREDIT ]
What really happened in this match?
Wolo.gg analyzes every decision: build order, eco, micro, common mistakes by bracket. Personalized analysis on WhatsApp or Discord in 30 seconds.
Civ guide
Britons
Perfil
Jugador #5843090